 Dungeon Crawl Stone Soup version 0.30.0-19-g36f170ea60 (webtiles) character file.

Game seed: 17931937609794894560

26 Hubris850 the Ducker (level 3, 0/25 HPs)
             Began as a Djinni Fire Elementalist on June 1, 2023.
             Slain by a jackal (1 damage)
             ... on level 1 of the Dungeon.
             The game lasted 00:03:10 (361 turns).

Hubris850 the Ducker (Djinni Fire Elementalist)      Turns: 361, Time: 00:03:11

Health: 0/25       AC:  2    Str:  7    XL:     3   Next: 22%
Gold:   6          EV: 12    Int: 18    God:
                   SH:  0    Dex: 13

rFire   + + .        c - +0 dagger
rCold   x . .        (no shield)
rNeg    . . .        a - +0 robe
rPois   ∞            (no helmet)
rElec   .            (no cloak)
rCorr   .            (no gloves)
SInv    .            (boots unavailable)
Will    .....        (no amulet)
Stlth   ++           (no ring)
HPRegen 0.24/turn    (no ring)
MPRegen 0.00/turn

%: infuse magic (-1 HP)
@: flying
A: sickness immunity, fire resistance 2, cold vulnerability 1, float, innate
caster, HP casting, extra vitality 1
a: no special abilities


You were on level 1 of the Dungeon.
You visited 1 branch of the dungeon, and saw 1 of its levels.

You collected 6 gold pieces.

Inventory:

Hand Weapons
 c - a +0 dagger (weapon)
Armour
 a - a +0 robe (worn)
Scrolls
 b - 3 scrolls of teleportation {unknown}


   Skills:
 + Level 3.0 Dodging
 - Level 1.9 Stealth
 + Level 2.8 Spellcasting


You knew the following spells:

 Your Spells              Type           Power      Damage    Failure   Level
a - Foxfire               Conj/Fire      48%        2x1d6     5%          1
b - Scorch                Fire           24%        2d6       8%          2
c - Volatile Blastmotes   Fire/Tloc      24%        2d12      16%         3
d - Inner Flame           Hex/Fire       12%        N/A       16%         3
e - Flame Wave            Conj/Fire      12%        2d6       45%         4
f - Beastly Appendage     Tmut           24%        N/A       5%          1
Your spell library was empty.

Dungeon Overview and Level Annotations

Branches:
Dungeon (1/15)

Altars:


Innate Abilities, Weirdness & Mutations

You are immune to sickness and miasma.
You are immune to poison.
Your flesh is very heat resistant. (rF++)
You are vulnerable to cold. (rC-)
You float through the air rather than walking.
You learn spells naturally, not from books.
Your magical power is your life essence.
You have superior vitality. (+4 MHP)


Message History

The jackal is almost dead.
The jackal closely misses you. The jackal bites you.
You barely miss the jackal.
The jackal is almost dead.
The jackal bites you. x2
You hit the jackal but do no damage.
The jackal is almost dead.
The jackal closely misses you. The jackal bites you.
The jackal closely misses you. x2
You hit the jackal.
You kill the jackal!
The jackal barely misses you.
Your Dodging skill increases to level 3!
You hit the jackal.
The jackal is lightly wounded.
The jackal closely misses you. x3; The jackal barely misses you.
You closely miss the jackal.
The jackal pauses to sniff the ground.
The jackal barely misses you. The jackal closely misses you.
Casting: Foxfire (safe; 5% risk of failure)
Confirm with . or Enter, or press ? or * to list all spells.
You conjure some foxfire!
The jackal bites you. The jackal barely misses you.
You completely miss the jackal.
The foxfire hits the jackal but does no damage.
The foxfire hits the jackal.
The jackal is severely wounded.
The jackal bites you.
* * * LOW HITPOINT WARNING * * *
The jackal bites you.
* * * LOW HITPOINT WARNING * * *
The jackal bites you.
* * * LOW HITPOINT WARNING * * *
The jackal bites you but does no damage.
Casting: Foxfire (safe; 5% risk of failure)
Confirm with . or Enter, or press ? or * to list all spells.
You don't have enough health to cast this spell.
You hit the jackal.
The jackal is moderately wounded.
The jackal bites you.
You die...

#.# #.# #.# #.# #.#
#.###### #.#
######.......
###.###..(.........
............)......
#.......##.######
..########h......##.#
#.......h@.._.......#
........##§......####
#######.##..........#
#.##.###.####.#
#.##.# #.# # #.##.#
#.# #.##.# #.# #.##.#
.#


You could see 2 jackals.

Vanquished Creatures
  A gnoll (D:1)
  A ball python (D:1)
  A giant cockroach (D:1)
  6 jackals (D:1)
  2 bats (D:1)
  2 goblins (D:1)
  2 kobolds (D:1)
15 creatures vanquished.

Vanquished Creatures (others)
  39 foxfires (D:1)
39 creatures vanquished.

Grand Total: 54 creatures vanquished

Notes
Turn   | Place    | Note
-------+----------+-------------------------------------------
     0 | D:1      | Hubris850 the Djinni Fire Elementalist began the quest for
                  | the Orb.
     0 | D:1      | Hubris850 set off with the following spells memorised:
                  | Foxfire, Scorch, Volatile Blastmotes, Inner Flame, Flame
                  | Wave.
     0 | D:1      | Reached XP level 1. HP: 15/15 MP: 0/0
    54 | D:1      | Reached XP level 2. HP: 4/21 MP: 0/0
   225 | D:1      | Reached XP level 3. HP: 5/25 MP: 0/0
   225 | D:1      | Learned a level 1 spell: Beastly Appendage
   325 | D:1      | Found a faded altar of an unknown god.
   357 | D:1      | Reached skill level 3 in Dodging
   360 | D:1      | HP: 1/25 [jackal (2)]
   361 | D:1      | Slain by a jackal

Illustrated notes

Levels and vault maps discovered:
D:1:      amcnicky_arrival_gap_in_the_tavern_cellar, layout_loops_ring,
          ebering_ecumenical_altar_abandoned, minmay_misc_feat_diagonals,
          st_stairs_2

Skill      XL: |  1  2  3 |
---------------+----------+-----
Dodging        | 3 |  3.0
Stealth        | |  1.9
Spellcasting   | |  2.8

Action                     || total
---------------------------++-------
  Melee: Unarmed           ||    27
         Dagger            ||    29
   Cast: Foxfire           ||    22
 Armour: Robe              ||    17
  Dodge: Dodged            ||    69
